 Dungeon Crawl Stone Soup version 0.28-a0-565-g7719699fd9 (webtiles) character file.

Game seed: 13748163454423184303

6 IndexError the Caller (level 1, 0/13 HPs)
             Began as a Gnoll Summoner on Oct 1, 2021.
             Slain by a kobold (7 damage)
             ... on level 1 of the Dungeon.
             The game lasted 00:00:36 (429 turns).

IndexError the Caller (Gnoll Summoner)               Turns: 429, Time: 00:00:37

Health: 0/13       AC:  2    Str:  7    XL:     1   Next: 90%
Magic:  5/6        EV: 13    Int: 14    God:
Gold:   16         SH:  0    Dex: 12    Spells: 8/9 levels left

rFire   . . .      SeeInvis .   d - +0 short sword
rCold   . . .      Faith    .   (no shield)
rNeg    . . .      Spirit   .   a - +0 robe
rPois   .          Reflect  .   (no helmet)
rElec   .          Harm     .   (no cloak)
rCorr   .          Rampage  .   (no gloves)
Will    .....                   (no boots)
Stlth   ++........              (no amulet)
HPRegen 0.04/turn               (no ring)
MPRegen 0.10/turn               (no ring)

@: no status effects
A: fangs 1, strong nose, distributed training
a: no special abilities


You were on level 1 of the Dungeon.
You visited 1 branch of the dungeon, and saw 1 of its levels.

You collected 16 gold pieces.

Inventory:

Hand Weapons
 d - a +0 short sword (weapon)
   (You took it off a kobold on level 1 of the Dungeon)
Armour
 a - a +0 robe (worn)
Scrolls
 b - a scroll of enchant weapon {unknown}
 c - a scroll of identify {unknown}
Potions
 e - a potion of cancellation {unknown}


   Skills:
 + Level 0.2 Fighting
 + Level 0.2 Short Blades
 + Level 0.2 Long Blades
 + Level 0.2 Axes
 + Level 0.2 Maces & Flails
 + Level 0.2 Polearms
 + Level 0.2 Staves
 + Level 0.2 Slings
 + Level 0.2 Bows
 + Level 0.2 Crossbows
 + Level 0.2 Throwing
 + Level 0.2 Armour
 + Level 4.4 Dodging
 + Level 4.0 Stealth
 + Level 0.2 Shields
 + Level 0.2 Unarmed Combat
 + Level 4.9 Spellcasting
 + Level 0.1 Conjurations
 + Level 0.1 Hexes
 + Level 7.0 Summonings
 + Level 0.1 Necromancy
 + Level 0.1 Translocations
 + Level 0.1 Transmutations
 + Level 0.1 Fire Magic
 + Level 0.1 Ice Magic
 + Level 0.1 Air Magic
 + Level 0.1 Earth Magic
 + Level 0.1 Poison Magic
 + Level 0.3 Invocations
 + Level 0.2 Evocations


You had 8 spell levels left.
You knew the following spells:

 Your Spells              Type           Power      Damage    Failure   Level
a - Summon Small Mammal   Summ           92%        N/A       1%          1

Your spell library contained the following spells:

 Spells                   Type           Power      Damage    Failure   Level
 Call Imp                 Summ           23%        N/A       1%          2
 Call Canine Familiar     Summ           23%        N/A       3%          3
 Summon Guardian Golem    Hex/Summ       13%        N/A       12%         3
 Summon Lightning Spire   Summ/Air       13%        N/A       36%         4


Dungeon Overview and Level Annotations

Branches:
Dungeon (1/15)

Altars:


Innate Abilities, Weirdness & Mutations

You have very sharp teeth.
Your uncanny sense of smell can sniff out nearby items.
Your experience applies equally to all skills.


Message History

You barely miss the kobold. The kobold closely misses you.
Casting: Summon Small Mammal (safe; 1% risk of failure)
Confirm with . or Enter, or press ? or * to list all spells.
The kobold hits you with a +0 short sword.
You take 4 damage, and have 9/13 hp.
MASSIVE DAMAGE!!
You now have 5/6 mp.
Casting: Summon Small Mammal (safe; 1% risk of failure)
Confirm with . or Enter, or press ? or * to list all spells.
The kobold misses you.
You now have 4/6 mp.
You closely miss the kobold.
Your bat closely misses the kobold.
The kobold closely misses you.
You barely miss the kobold.
Your bat hits the kobold but does no damage.
The kobold hits you with a +0 short sword.
You take 5 damage, and have 4/13 hp.
MASSIVE DAMAGE!!
You are too injured to fight recklessly!
You are too injured to fight recklessly!
You are too injured to fight recklessly!
You hit the kobold but do no damage. Your bat misses the kobold.
Your quokka closely misses the kobold.
The kobold closely misses you.
You closely miss the kobold.
Your quokka bites the kobold.
d - a +0 short sword You see here a kobold corpse.
d - a +0 short sword (weapon)
Your quokka disappears in a puff of smoke!
Your bat disappears in a puff of smoke!
e - a dark potion Health restored: 13; MP restored: 6 2 jackals come into view.
The jackal barks!
There are monsters nearby!
Casting: Summon Small Mammal (safe; 1% risk of failure)
Confirm with . or Enter, or press ? or * to list all spells.
You don't know that spell.
Casting: Summon Small Mammal (safe; 1% risk of failure)
Confirm with . or Enter, or press ? or * to list all spells.
The jackal barks!
You hear a shout!
You now have 5/6 mp.
Casting: Summon Small Mammal (safe; 1% risk of failure)
Confirm with . or Enter, or press ? or * to list all spells.
The jackal bites your bat. The jackal bites your quokka.
Your quokka barely misses the jackal.
You now have 4/6 mp.
You swap places.
Your bat closely misses the jackal.
The jackal closely misses you. x2
You hit the jackal. Your bat misses the jackal. The jackal bites you.
The jackal closely misses you.
A kobold comes into view.
It is wielding a +3 dagger of holy wrath.
The jackal closely misses you.
You take 3 damage, and have 10/13 hp.
MASSIVE DAMAGE!!
You hit the jackal.
Your bat hits the jackal but does no damage.
Your quokka closely misses the jackal.
The jackal bites you but does no damage. x2
Your quokka barely misses the jackal.
The jackal bites you.
You take 3 damage, and have 7/13 hp.
MASSIVE DAMAGE!!
You are too injured to fight recklessly!
You are too injured to fight recklessly!
Your bat hits the jackal but does no damage.
The jackal bites your quokka but does no damage.
Your quokka closely misses the jackal.
Your quokka bites the jackal.
You closely miss the jackal. The jackal bites you. The jackal misses you.
Your bat hits the jackal.
Your quokka bites the jackal.
You take 1 damage, and have 6/13 hp.
The kobold barely misses your bat.
Your bat hits the kobold. What are your orders? t - Bark!
Orders for allies: a - Attack new target. r - Retreat! s - Stop attacking. g - Guard the area. f - Follow me.
Anything else - Cancel.
Gang up on whom?
Press: ? - help, Dir - move target, f - kobold
Aim: a kobold, wielding a +3 dagger of holy wrath (moderately wounded, ally target) Attack!
Your bat misses the kobold. The kobold misses your bat.
Your bat closely misses the kobold.
Your bat closely misses the kobold.
Your quokka barely misses the kobold.
The kobold closely misses your bat.
Your bat barely misses the kobold.
Your quokka closely misses the kobold.
The kobold hits your bat with a +3 dagger of holy wrath.
Your bat closely misses the kobold.
Your quokka misses the kobold.
Your bat closely misses the kobold.
Your quokka barely misses the kobold.
Your bat closely misses the kobold.
Your bat hits the kobold but does no damage.
The kobold barely misses your bat.
Your bat barely misses the kobold.
Your quokka bites the kobold but does no damage.
Your bat barely misses the kobold.
The kobold barely misses you.
You are too injured to fight recklessly!
You are too injured to fight recklessly!
You are too injured to fight recklessly!
You closely miss the kobold.
Your bat disappears in a puff of smoke!
Your quokka barely misses the kobold.
The kobold misses you.
Your quokka barely misses the kobold.
You miss the kobold.
Your quokka closely misses the kobold.
The kobold hits you with a +3 dagger of holy wrath!
Ouch! That really hurt!
You die...

########.......#.# ..
#....รท.........#.###.#
+..............+.....##.
#..............#........
#..............+........
.............##.#........
........#.#.....#........
........#.#..#..#Kr......
........#.#..#..@......!..
#########......##.##......
..............!........
##########.###+###....#
#............ ##........#
# #........########
#........+......#
#........######.####


You could see a kobold (ally target) and a friendly quokka (summoned).

Vanquished Creatures (collateral kills)
  An endoplasm (D:1)
  2 jackals (D:1)
  A quokka (D:1)
  A kobold (D:1)
5 creatures vanquished.

Notes
Turn   | Place    | Note
-------+----------+-------------------------------------------
     0 | D:1      | IndexError the Gnoll Summoner began the quest for the Orb.
     0 | D:1      | Reached XP level 1. HP: 13/13 MP: 6/6
   429 | D:1      | Slain by a kobold

Illustrated notes

Levels and vault maps discovered:
D:1:      grunt_arrival_crossed_arrows, layout_basic

Action                   || total
-------------------------++-------
Melee: Unarmed           ||    17
       Short sword       ||     5
 Cast: Summon Small Mamm ||     8
 Stab: Sleeping          ||     2
       Distracted        ||     1
Armor: Robe              ||     2
Dodge: Dodged            ||    18

Table legend: (Time is in decaauts)
 A = Elapsed time spent in this place.
 B = Non-inter-level travel time spent in this place.
 C = Inter-level travel time spent in this place.
 D = Time resting spent in this place.
 E = Time spent auto-exploring this place.
 F = Levels seen in this place.
 G = Mean time per level.
                   A        B        C        D        E       F      G
               +--------+--------+--------+--------+--------+-----+--------+
         Total |    428 |    428 |      0 |      0 |    365 |   1 |  428.0 |
       Dungeon |    428 |    428 |      0 |      0 |    365 |   1 |  428.0 |
               +--------+--------+--------+--------+--------+-----+--------+

Top non-repeatable levels by time:
     D:1: 428 daAuts

Table legend:
 A = Kills in this place as a percentage of kills in entire the game.
 B = Kills by you in this place as a percentage of kills by you in the entire game.
 C = Kills by friends in this place as a percentage of kills by friends in the entire game.
 D = Other kills in this place as a percentage of other kills in the entire game.
 E = Experience gained in this place as a percentage of experience gained in the entire game.
 F = Experience gained in this place divided by the number of levels of this place that you have seen.
                   A       B       C       D       E      F
               +-------+-------+-------+-------+-------+----------------------
         Total | 100.0 |   N/A | 100.0 |   N/A | 100.0 |   9.0
       Dungeon | 100.0 |   N/A | 100.0 |   N/A | 100.0 |   9.0
               +-------+-------+-------+-------+-------+----------------------
